 Dungeon Sprint DCSS version 0.31-a0-841-g038b102fc3 (webtiles) character file.

Game seed: 7914040946781800626

7536 sircluck the Brawler (level 10, -24/178 HPs)
             Began as a Troll Berserker on Sept 27, 2023.
             Was the Champion of Trog.
             Killed from afar by an acid dragon (28 damage)
             ... with a splash of acid
             ... in the Dungeon (Sprint VII: "The Pits").
             The game lasted 00:03:18 (1396 turns).

sircluck the Brawler (Troll Berserker)              Turns: 1396, Time: 00:03:19

Health: -24/178    AC:  4    Str: 31    XL:     10   Next: 96%
Magic:  9/9        EV:  7    Int:  3    God:    Trog [******]
Gold:   0          SH:  0    Dex:  9    Spells: 9/9 levels left

rFire   . .          .
                       - Unarmed
rCold   . . .        (no shield)
rNeg    . . .        a - +0 animal skin
rPois   .            (helmet restricted)
rElec   .            (no cloak)
rCorr   .            (gloves unavailable)
SInv    .            (boots unavailable)
Will    .....        (no amulet) Stlth
                     (no ring)
HPRegen 1.29/turn    (no ring)
MPRegen 0.11/turn

%: no teleportation
@: berserking, held, very quick
A: large, unfitting armour, claws 3, regeneration 1, shaggy fur 1, tough skin 1
a: Renounce Religion, Berserk, Trog's Hand, Brothers in Arms


You were in the Dungeon.
You worshipped Trog.
Trog was exalted by your worship.
You visited 1 branch

Inventory:

Missiles
 p - 4 large rocks
Armour
 a - a +0 animal skin (worn)
Jewellery
 k - a +3 ring of intelligence
 l - a +3 ring of intelligence
Scrolls
 i - 2 scrolls of vulnerability
 j - a scroll of summoning
Potions
 b - 5 potions of curing
 c - 6 potions of heal wounds
 d - a potion of haste
 e - 4 potions of magic
 f - 5 potions of berserk rage
 h - 2 potions of invisibility
 m - a potion of resistance
 n - 2 potions of mutation
 o - a potion of might


   Skills:
 + Level 13.4 Fighting
 + Level 13.3 Dodging
 + Level 15.6 Unarmed Combat


You had 9 spell levels left.
You didn't know any spells.
Your spell library was empty.

Dungeon Overview and Level Annotations

Branches:
Dungeon (1/1)

Altars:
Ashenzari
Cheibriados
Dithmenos
Elyvilon
Fedhas
Gozag
Hepliaklqana
Kikubaaqudgha
Makhleb
Nemelex Xobeh
Okawaru
Qazlal
Ru
Sif Muna
Trog
Uskayaw
Vehumet
Wu Jian
Xom
Yredelemnul
Zin
The Shining One
Jiyva
Lugonu


Innate Abilities, Weirdness & Mutations

You are too large for most types of armour.
You have claws for hands.
Your natural rate of healing is unusually fast.
You are covered in fur. (AC +1)
You have tough skin. (AC +1)


Message History

* * * LOW HITPOINT WARNING * * *
The jumping spider pounces on you!
* * * LOW HITPOINT WARNING * * *
You are caught in a web!
The jumping spider closely misses you.
Unknown command.
You feel much better. The jumping spider pounces on you!
* * * LOW HITPOINT WARNING * * *
The jumping spider bites you.
* * * LOW HITPOINT WARNING * * *
The adder simulacrum bites you.
* * * LOW HITPOINT WARNING * * *
The adder simulacrum freezes you.
* * * LOW HITPOINT WARNING * * *
The death knight mumbles some strange prayers to Yredelemnul against you.
Your body is wracked with pain!
* * * LOW HITPOINT WARNING * * *
Unknown command.
You feel much better. The jumping spider pounces on you!
* * * LOW HITPOINT WARNING * * *
You are even more entangled.
The jumping spider bites you but does no damage.
The adder simulacrum bites you.
* * * LOW HITPOINT WARNING * * *
The adder simulacrum freezes you.
* * * LOW HITPOINT WARNING * * *
The jumping spider closely misses you. x2
The death knight offers itself to Yredelemnul, and fills with unholy energy.
A red film seems to cover your vision as you go berserk!
You feel yourself moving faster!
You feel mighty! The jumping spider pounces on you!
* * * LOW HITPOINT WARNING * * *
You are even more entangled.
The jumping spider bites you.
* * * LOW HITPOINT WARNING * * *
The adder simulacrum bites you but does no damage.
The death knight mumbles some strange prayers to Yredelemnul against you.
Your body is wracked with pain!
* * * LOW HITPOINT WARNING * * *
The acid dragon spits acid at you. The splash of acid hits you!!
You die...

......##..............#
......##..............#
'######################
'##### ###########
)....# #.........#
.....# ##..)....##
....## ####†..####
#)'## ###..)...'sD##..#
....###....##+##@p...#
....†#....## ##Z...#
....))....+ ....+
....†#....# ....#
....###....# ....#
#''## ###..+ .##..#
....## #### ## ###
.....# .....#


You could see a death knight (reflects damage), a jumping spider, an acid dragon
(catching breath) and an adder simulacrum.

Vanquished Creatures
  A boulder beetle (D)
  A sun demon (D)
  A shadow wraith (D)
  A lindwurm (D)
  An orc sorcerer (D)
  A wolf spider (D)
  A cyclops (D)
  Joseph (D)
  An elephant (D)
  An eye of devastation (D)
  A cane toad (D)
  A rime drake (D)
  An efreet (D)
  A jumping spider (D)
  A basilisk (D)
  A vampire (D)
  A redback (D)
  A chaos spawn (D)
  A floating eye (D)
  A swamp drake (D)
  A sky beast (D)
  4 wolves (D)
  An ogre (D)
  A kobold brigand (D)
  2 bullfrogs (D)
  2 scorpions (D)
  12 killer bees (D)
  A quasit (D)
  A jelly (D)
  2 orc priests (D)
  A gnoll bouda (D)
  An orc wizard (D)
  2 small abominations (D)
  2 adders (D)
  4 gnolls (D)
  3 orcs (D)
  An endoplasm (D)
  A giant cockroach (D)
  A hobgoblin (D)
  3 jackals (D)
  A frilled lizard (D)
  2 jackal zombies (D)
69 creatures vanquished.

Notes
Turn   | Place    | Note
-------+----------+-------------------------------------------
     0 | D        | sircluck the Troll Berserker began the quest for the Orb.
     0 | D        | Reached XP level 1. HP: 22/22 MP: 0/0
    20 | D        | Found a bloodstained altar of Trog.
    20 | D        | Found a shimmering blue altar of Sif Muna.
    20 | D        | Found a viscous altar of Jiyva.
    20 | D        | Found a hazy altar of Hepliaklqana.
    20 | D        | Found an opulent altar of Gozag.
    21 | D        | Found a glowing golden altar of the Shining One.
    21 | D        | Found a glowing silver altar of Zin.
    21 | D        | Found a basalt altar of Yredelemnul.
    21 | D        | Found a shimmering altar of Xom.
    21 | D        | Found an ornate altar of the Wu Jian Council.
    21 | D        | Found a sacrificial altar of Ru.
    21 | D        | Found a stormy altar of Qazlal.
    21 | D        | Found an iron altar of Okawaru.
    21 | D        | Found a sparkling altar of Nemelex Xobeh.
    21 | D        | Found a burning altar of Makhleb.
    21 | D        | Found a blossoming altar of Fedhas.
    21 | D        | Found a white marble altar of Elyvilon.
    21 | D        | Found a shadowy altar of Dithmenos.
    21 | D        | Found a snail-covered altar of Cheibriados.
    25 | D        | Found a corrupted altar of Lugonu.
    25 | D        | Found a radiant altar of Vehumet.
    26 | D        | Found a broken altar of Ashenzari.
    26 | D        | Found an ancient bone altar of Kikubaaqudgha.
    26 | D        | Found a hide-covered altar of Uskayaw.
    65 | D        | Reached ** piety under Trog
    66 | D        | Reached XP level 2. HP: 30/31 MP: 1/1
    76 | D        | Reached skill level 4 in Unarmed Combat
    85 | D        | Reached *** piety under Trog
    88 | D        | Noticed a scorpion
    89 | D        | Noticed a scorpion
    94 | D        | Killed a scorpion
    95 | D        | Reached skill level 5 in Unarmed Combat
    95 | D        | Reached XP level 3. HP: 24/40 MP: 2/2
    95 | D        | Reached XP level 4. HP: 30/49 MP: 3/3
    97 | D        | Killed a scorpion
    98 | D        | Reached skill level 5 in Fighting
    98 | D        | Reached skill level 5 in Dodging
    98 | D        | Reached skill level 6 in Unarmed Combat
   100 | D        | Reached **** piety under Trog
   178 | D        | Noticed a kobold brigand
   178 | D        | Noticed a bullfrog
   193 | D        | Killed a bullfrog
   194 | D        | Reached skill level 7 in Unarmed Combat
   194 | D        | Reached XP level 5. HP: 39/59 MP: 4/4
   203 | D        | Reached XP level 6. HP: 37/68 MP: 5/5
   207 | D        | HP: 3/68 [acid (4)]
   209 | D        | Reached skill level 8 in Unarmed Combat
   270 | D        | Reached ***** piety under Trog
   301 | D        | Noticed an elephant
   306 | D        | Killed an elephant
   306 | D        | Received a gift from Trog
   307 | D        | Reached skill level 9 in Unarmed Combat
   307 | D        | Reached XP level 7. HP: 53/81 MP: 6/6
   339 | D        | Reached skill level 10 in Unarmed Combat
   376 | D        | Noticed a rime drake
   383 | D        | Received a gift from Trog
   386 | D        | Killed a rime drake
   387 | D        | Reached XP level 8. HP: 69/92 MP: 7/7
   502 | D        | Noticed a jumping spider
   502 | D        | Noticed a boulder beetle
   514 | D        | Killed a jumping spider
   515 | D        | Reached skill level 11 in Unarmed Combat
   563 | D        | Killed a boulder beetle
   564 | D        | Reached skill level 10 in Fighting
   564 | D        | Reached skill level 10 in Dodging
   564 | D        | Reached skill level 12 in Unarmed Combat
   586 | D        | Paralysed by a floating eye for 4 turns
   587 | D        | Reached XP level 9. HP: 84/102 MP: 8/8
   597 | D        | Killed a shadow wraith
   597 | D        | Received a gift from Trog
   659 | D        | Noticed an eye of devastation
   669 | D        | Reached ****** piety under Trog
   705 | D        | Killed an eye of devastation
   706 | D        | Reached skill level 13 in Unarmed Combat
   715 | D        | Noticed a sun demon
   716 | D        | Noticed a lindwurm
   722 | D        | Killed a sun demon
   726 | D        | Killed a lindwurm
   727 | D        | Reached XP level 10. HP: 29/115 MP: 9/9
   809 | D        | Noticed an orc sorcerer
   809 | D        | Noticed a wolf spider
   812 | D        | Noticed a cyclops
   813 | D        | Paralysed by an orc sorcerer for 2 turns
   817 | D        | Killed a wolf spider
   818 | D        | Reached skill level 14 in Unarmed Combat
   818 | D        | Killed an orc sorcerer
   821 | D        | Killed a cyclops
   969 | D        | Identified the +9 bardiche of Context {flame, rElec rN+
                  | Str+2} (Trog gifted it to you in the Dungeon)
   969 | D        | Received a gift from Trog
  1101 | D        | Received a gift from Trog
  1196 | D        | Noticed Joseph
  1213 | D        | Killed Joseph
  1214 | D        | Reached skill level 15 in Unarmed Combat
  1220 | D        | Received a gift from Trog
  1329 | D        | Noticed a cane toad
  1331 | D        | Killed a cane toad
  1341 | D        | Received a gift from Trog
  1384 | D        | Noticed a death knight
  1396 | D        | HP: 6/178 [jumping spider (4)]
  1396 | D        | Killed from afar by an acid dragon

Illustrated notes

Levels and vault maps discovered:
D:        pitsprint [storerooms_1, entrance_room_1, metal_vault_2, armoury_1,
          mini_pit_1, grid_room_1, main_hall_1, silver_pit, the_coven_3,
          the_vestibule_1, steel_vault_5, golden_pit, hallway_of_sentries,
          crystal_vault_1, iron_vault_5, final_vault]

Skill      XL: |  1  2  3  4  5  6  7  8  9 10 |
---------------+-------------------------------+-----
Fighting       | 3 4 6 8 9 10 11 13 | 13.4
Dodging        | 3 4 5 6 8 9 10 11 13 | 13.3
Unarmed Combat | 5 7 9 10 12 13 15 | 15.6

Action                     |  1- 3 |  4- 6 |  7- 9 | 10-12 || total
---------------------------+-------+-------+-------+-------++-------
  Melee: Unarmed           |    27 |    44 |    67 |    84 ||   222
         Punch             |       |     3 |     2 |     6 ||    11
 Invoke: Berserk           |       |       |     3 |     1 ||     4
    Use: Potion            |       |       |     1 |     5 ||     6
         Scroll            |       |       |       |     1 ||     1
   Stab: Confused          |       |       |       |     1 ||     1
 Armour: Animal skin       |    19 |    28 |    45 |   107 ||   199
  Dodge: Dodged            |    15 |    20 |    21 |   100 ||   156

Table legend: (Time is in decaauts)
 A = Elapsed time spent in this place.
 B = Non-inter-level travel time spent in this place.
 C = Inter-level travel time spent in this place.
 D = Time resting spent in this place.
 E = Time spent auto-exploring this place.
 F = Levels seen in this place.
 G = Mean time per level.
                   A        B        C        D        E       F      G
               +--------+--------+--------+--------+--------+-----+--------+
         Total |   1410 |   1353 |     57 |    638 |    132 |   1 | 1410.0 |
       Dungeon |   1410 |   1353 |     57 |    638 |    132 |   1 | 1410.0 |
               +--------+--------+--------+--------+--------+-----+--------+

Top non-repeatable levels by time:
       D: 1410 daAuts
